 Dungeon Crawl Stone Soup version 0.27-a0-1202-ge72e49191c (webtiles) character file.

Game seed: 9945852818089007202

52 Delamore the Skirmisher (level 4, 0/37 HPs)
             Began as a Formicid Fighter on June 4, 2021.
             Was a Believer of Jiyva.
             Slain by Grinder (6 damage)
             ... on level 2 of the Dungeon.
             The game lasted 00:02:21 (2262 turns).

Delamore the Skirmisher (Formicid Fighter)          Turns: 2262, Time: 00:02:22

Health: 0/37       AC:  6    Str: 20    XL:     4   Next: 8%
Magic:  3/4        EV:  7    Int:  9    God:    Jiyva [**....]
Gold:   62         SH:  9    Dex: 10    Spells: 3/3 levels left

rFire    . . .     SeeInvis +   a - +0 trident
rCold    . . .     Faith    .   c - +0 kite shield
rNeg     . . .     Spirit   .   b - +0 scale mail
rPois    .         Reflect  .   (helmet unavailable)
rElec    .         Harm     .   (no cloak)
rCorr    .         Rampage  .   (no gloves)
Will     .....                  (no boots)
Stlth    ..........             (no amulet)
HPRegen  0.12/turn              (no ring)
MPRegen  0.09/turn              (no ring)

@: no status effects
A: permanent stasis, dig shafts and tunnels, antennae 3, four strong arms
a: Dig, Shaft Self, Renounce Religion, Request Jelly


You were on level 2 of the Dungeon.
You worshipped Jiyva.
Jiyva was pleased with you.
You visited 1 branch of the dungeon, and saw 3 of its levels.

You collected 62 gold pieces.

Inventory:

Hand Weapons
 a - a +0 trident (weapon)
Missiles
 i - 13 poisoned darts
Armour
 b - a +0 scale mail (worn)
 c - a +0 kite shield (worn)
Jewellery
 g - a ring of poison resistance
Potions
 d - 2 potions of might
 e - a potion of flight {unknown}
 f - a potion of mutation {unknown}
 h - a potion of curing {unknown}


   Skills:
 + Level 4.3 Fighting
 + Level 3.1 Polearms
 - Level 3.2 Armour
 - Level 3.6 Shields


You had 3 spell levels left.
You didn't know any spells.
Your spell library was empty.

Dungeon Overview and Level Annotations

Branches:
Dungeon (3/15)

Altars:
Jiyva

Annotations:
D:2 Grinder
D:3 Robin


Innate Abilities, Weirdness & Mutations

You cannot be hasted, slowed, berserked, paralysed or teleported.
You can dig through walls and to a lower floor.
You have a pair of large antennae on your head. (SInv)
Your four strong arms can wield two-handed weapons with a shield.


Message History

Grinder is lightly wounded.
Grinder blinks!
Grinder gestures at you.
Your stasis prevents you from being paralysed.
You swap places.
You puncture Grinder!
Grinder is moderately wounded.
Grinder rolls her eyes.
Grinder hits you but does no damage.
You barely miss Grinder.
Grinder is moderately wounded.
Grinder gestures at you. Pain shoots through your body!
You hit Grinder.
Grinder is moderately wounded.
Grinder hits you.
You writhe in agony.
* * * LOW HITPOINT WARNING * * *
Grinder barely misses you. What are your orders? t - Shout!
Orders for allies: a - Attack new target. r - Retreat! s - Stop attacking. g - Guard the area. f - Follow me.
Anything else - Cancel.
Gang up on whom?
Press: ? - help, Dir - move target, f - Grinder
Aim: Grinder (moderately wounded) Attack!
You block Grinder's attack.
You puncture Grinder!
Grinder is severely wounded.
You block Grinder's attack.
You hit Grinder but do no damage.
Grinder is severely wounded.
Grinder hits you but does no damage.
You completely miss Grinder.
Grinder is severely wounded.
Grinder hits you but does no damage. Grinder hits you.
* * * LOW HITPOINT WARNING * * *
You writhe in agony.
You die...

#.# #.## ##############
#.###...
#............###.......
#............#....#####
#J.J........{#.........
#######>...#.###.#....#####
#...# #......# #.###.#.####
#...# #...5### #.###{#.....
#...# #...@..###...<.#.###.
###.####.>#............# #.
#....#..#..#########.# #.
######.#......J##....#.# #.
#...##.#.##..#.##....#.# #.
#.####.#.#...#.##>...#####.
###.####.#.#.#.#.##....#.....
#........#.###.#.##.......##.
##.......##.....#.#...........


You could see Grinder and 3 neutral jellies (fellow slime).

Vanquished Creatures
  An adder (D:3)
  2 worms (D:2)
  A dart slug (D:3)
  An orc (D:2)
  7 goblins
  4 hobgoblins
  2 jackals (D:1)
  A kobold (D:2)
  A quokka (D:1)
  4 ball pythons
  2 bats
  3 frilled lizards
  3 rats
32 creatures vanquished.

Vanquished Creatures (others)
  An endoplasm (D:3)
  3 bats (D:2)
  3 goblins (D:3)
  A hobgoblin (D:3)
  A quokka (D:2)
  2 frilled lizards (D:2)
  2 kobolds
13 creatures vanquished.

Grand Total: 45 creatures vanquished

Notes
Turn   | Place    | Note
-------+----------+-------------------------------------------
     0 | D:1      | Delamore the Formicid Fighter began the quest for the Orb.
     0 | D:1      | Reached XP level 1. HP: 18/18 MP: 1/1
   175 | D:1      | Found a faded altar of an unknown god.
   199 | D:1      | Became a worshipper of Jiyva Jeymmo the Shapeless
   199 | D:1      | Reached * piety under Jiyva
   504 | D:1      | Reached XP level 2. HP: 24/24 MP: 2/2
   921 | D:2      | Reached XP level 3. HP: 21/30 MP: 3/3
  1407 | D:3      | Reached ** piety under Jiyva
  1463 | D:3      | Reached skill level 4 in Fighting
  1541 | D:3      | Noticed Grinder
  1945 | D:3      | Noticed Robin
  1959 | D:2      | Reached XP level 4. HP: 16/37 MP: 4/4
  2262 | D:2      | Slain by Grinder

Illustrated notes

Levels and vault maps discovered:
D:1:      kennysheep_arrival_forest, layout_loops_ring,
          shapermc_ecumenical_altar_starsandcircs
D:2:      layout_basic, serial_curves, eino_curves_03, eino_curves_01
D:3:      layout_basic, uniq_grinder, uniq_robin

Skill      XL: |  1  2  3 |
---------------+----------+-----
Fighting       | 4 |  4.3
Polearms       | 3 |  3.1
Armour         | |  3.2
Shields        | |  3.6

Action                   |  1- 3 |  4- 6 || total
-------------------------+-------+-------++-------
Melee: Trident           |    96 |    22 ||   118
Invok: Request Jelly     |       |     1 ||     1
Armor: Scale mail        |    48 |    12 ||    60
Dodge: Dodged            |    38 |     3 ||    41
Block: Kite shield       |    50 |    13 ||    63

Table legend: (Time is in decaauts)
 A = Elapsed time spent in this place.
 B = Non-inter-level travel time spent in this place.
 C = Inter-level travel time spent in this place.
 D = Time resting spent in this place.
 E = Time spent auto-exploring this place.
 F = Levels seen in this place.
 G = Mean time per level.
                   A        B        C        D        E       F      G
               +--------+--------+--------+--------+--------+-----+--------+
         Total |   2305 |   2227 |     78 |    568 |   1351 |   3 |  768.3 |
       Dungeon |   2305 |   2227 |     78 |    568 |   1351 |   3 |  768.3 |
               +--------+--------+--------+--------+--------+-----+--------+

Top non-repeatable levels by time:
     D:2: 1382 daAuts
     D:1: 661 daAuts
     D:3: 261 daAuts
